 Dungeon Crawl Stone Soup version 0.22.0-18-ge075c0d (console) character file.

19139 removed the Slicer (level 13, -14/83 HPs)
             Began as a Halfling Conjurer on Aug 18, 2018.
             Was a Priest of Dithmenos.
             Demolished by Rupert
             ... wielding a +5 battleaxe of freezing
              (41 damage)
             ... on level 3 of the Lair of Beasts.
             The game lasted 00:55:14 (19724 turns).

removed the Slicer (Halfling Conjurer)             Turns: 19724, Time: 00:55:16

Health: -14/83     AC:  9    Str:  9    XL:     13   Next: 2%
Magic:  28/29      EV: 28    Int: 17    God:    Dithmenos [***...]
Gold:   319        SH:  0    Dex: 21    Spells: 16/22 levels left

rFire    . . .     SeeInvis .   a - +1 dagger (elec)
rCold    + . .     Gourm    .   (shield restricted)
rNeg     + . .     Faith    .   U - +2 robe {rN+}
rPois    .         Spirit   .   F - +0 helmet
rElec    .         Reflect  .   l - +0 cloak
rCorr    .         Harm     .   E - +1 pair of gloves
MR       .....                  H - +0 pair of boots
Stlth    +++++++...             y - amulet of rage
HPRegen  0.23/turn              B - ring of protection from cold
MPRegen  0.21/turn              P - ring of magical power

@: agile, berserk cooldown, slowed, wreathed by umbra, studying Armour, very
slow
A: small, mutation resistance 1
a: Shadow Step, Renounce Religion, Evoke Berserk Rage


You were on level 3 of the Lair of Beasts.
You worshipped Dithmenos.
Dithmenos was most pleased with you.
You were not hungry.

You visited 3 branches of the dungeon, and saw 15 of its levels.

You collected 619 gold pieces.
You spent 300 gold pieces at shops.

Inventory:

Hand Weapons
 a - a +1 dagger of electrocution (weapon)
 b - a +0 short sword of venom
 g - a +0 blowgun
 R - a +1 dagger of draining
Missiles
 j - a throwing net (quivered)
 A - 23 poisoned needles
Armour
 e - a +1 robe of cold resistance
 l - a +0 cloak (worn)
 E - a +1 pair of gloves (worn)
 F - a +0 helmet (worn)
 H - a +0 pair of boots (worn)
 U - a +2 robe of positive energy (worn)
 X - +0 fire dragon scales
Magical Staves
 p - an uncursed staff of poison
Jewellery
 h - an uncursed ring of ice
 y - an amulet of rage (around neck)
 B - a ring of protection from cold (left hand)
 P - a ring of magical power (right hand)
Wands
 z - a wand of flame (23)
 K - a wand of iceblast (2)
 V - a wand of clouds (2)
 W - a wand of paralysis (33)
 Z - a wand of disintegration (14)
Scrolls
 i - a scroll of brand weapon
 k - 2 scrolls of fog
 o - 2 scrolls of identify
 q - 9 scrolls of remove curse
 r - 6 scrolls of teleportation
 G - 2 scrolls of amnesia
 I - 2 scrolls of enchant armour
 S - a scroll of magic mapping
 T - a scroll of enchant weapon
 Y - 2 scrolls of fear
Potions
 m - 4 potions of curing
 t - 2 potions of lignification
 u - a potion of might
 v - a potion of cancellation
 w - a potion of magic
 C - 3 potions of ambrosia
 J - 3 potions of heal wounds
 M - a potion of mutation
 N - a potion of agility
 O - a potion of brilliance
Books
 n - a manual of Armour
Comestibles
 c - 17 rations
 x - 9 chunks of flesh


   Skills:
 - Level 6.1 Fighting
 - Level 10.0 Short Blades
 - Level 9.0 Dodging
 + Level 8.4 Stealth
 - Level 5.0 Spellcasting
 - Level 8.0 Conjurations
 - Level 8.0 Hexes


You had 16 spell levels left.
You knew the following spells:

 Your Spells              Type           Power        Failure   Level  Hunger
a - Magic Dart            Conj           ####         1%          1    None
b - Searing Ray           Conj           ####..       1%          2    #......
c - Dazzling Spray        Conj/Hex       ####..       1%          3    ###....

Your spell library contained the following spells:

 Spells                   Type           Power        Failure   Level  Hunger
 Throw Frost              Conj/Ice       ###...       4%          2    #......
 Fulminant Prism          Conj/Hex       ####......   5%          4    ####...
 Iskenderun's Mystic Bla  Conj           ####....     5%          4    ####...
 Freeze                   Ice            #...         14%         1    None
 Force Lance              Conj/Tloc      ###.....     26%         4    ####...
 Throw Icicle             Conj/Ice       ###.....     26%         4    ####...
 Ozocubu's Armour         Chrm/Ice       #.......     38%         3    ###....
 Summon Ice Beast         Ice/Summ       #.......     80%         4    ####...


Dungeon Overview and Level Annotations

Branches:
Dungeon (11/15)            Temple (1/1) D:7            Lair (3/6) D:9
    Orc (0/2) D:10
  Swamp: Lair:2-4    Shoals: Lair:2-4     Snake: Lair:2-4    Spider: Lair:2-4

Altars:
Ashenzari
Cheibriados
Dithmenos
Elyvilon
Fedhas
Gozag
Hepliaklqana
Kikubaaqudgha
Makhleb
Nemelex Xobeh
Okawaru
Qazlal
Ru
Sif Muna
Trog
Uskayaw
Vehumet
Wu Jian
Xom
Yredelemnul
Zin
The Shining One

Shops:
D:2 *   D:7 ([

Annotations:
D:4 1 runed door, jazmu's ghost, amateur FoFi
D:10 exclusion: manticore
Lair:3 Rupert


Innate Abilities, Weirdness & Mutations

You are small and have problems with some larger weapons.
You are somewhat resistant to further mutation.


Message History

Press: ? - help, Shift-Dir - straight line, f/p - Rupert
Aim: Rupert, wielding a battleaxe of freezing and wearing a scale mail (almost dead, berserk, fast, unusually strong, umbra)
The bolt of acid hits Rupert.
Rupert is splashed with acid.
The acid corrodes Rupert!
Rupert is almost dead.
The water moccasin misses you.
Rupert hits you with a battleaxe of freezing!!
Rupert freezes you. The water moccasin misses you.
Rupert completely misses you.
A porcupine comes into view.
Evoke which item? (* to show all) (? for menu, Esc to quit)
Aiming: Corrosive Bolt
Press: ? - help, Shift-Dir - straight line, f/p - Rupert
Aim: Rupert, wielding a battleaxe of freezing and wearing a scale mail (almost dead, berserk, fast, unusually strong, covered in acid, umbra)
The bolt of acid hits Rupert.
Rupert is splashed with acid.
The acid corrodes Rupert!
Rupert is almost dead.
The now-empty wand crumbles to dust.
The water moccasin misses you.
Rupert hits you with a battleaxe of freezing!!!
You die...

.# #... ###.#...#.##
##..##........##
#..##........## ##
#...#.#P.#..##
###..###.##.###...#
.....#§#§.#.###...#
......§§§§.........#
#.P..§§S†#.#.##..##
##...@..........#
##.@P.#P.##....#
##.#..P.# ....#
.r($.....# #..#
##..##.....# ..# #..
#..>... #.. #..PP#
... ....


You could see Rupert (berserk), a water moccasin and a porcupine.

Vanquished Creatures
  Fannar (Lair:2)
  A hydra (D:11)
  A two-headed ogre (D:9)
  Pikel (D:7)
  A cyclops (D:11)
  A gargoyle (D:11)
  3 spiny frogs
  A kobold demonologist (D:11)
  4 blink frogs (Lair:2)
  7 hippogriffs
  Sigmund (D:3)
  A spriggan (D:11)
  A wyvern (D:8)
  17 yaks
  2 basilisks
  A hungry ghost (D:11)
  5 water moccasins
  Duvessa (D:7)
  8 porcupines
  2 ice beasts
  A slave (D:7)
  3 orc warriors
  A black bear (Lair:1)
  A sky beast (D:10)
  4 phantoms
  10 ogres
  37 wolves
  3 centaurs
  8 crocodiles
  8 bullfrogs
  Dowan (D:7)
  2 scorpions
  13 killer bees
  4 wights (D:11)
  A howler monkey (D:5)
  3 crimson imps
  A bullfrog zombie (D:7)
  4 orc priests
  2 centaur zombies
  A jelly (D:9)
  A hound (D:9)
  5 orc wizards
  A bullfrog skeleton (D:5)
  A centaur skeleton (D:4)
  Jessica (D:3)
  3 iguanas
  Natasha (thrice) (D:4)
  10 worker ants
  A killer bee zombie (D:5)
  5 gnolls
  16 adders
  A shadow imp (D:10)
  An ooze (D:1)
  3 adder skeletons
  5 worms
  A dart slug (D:4)
  9 leopard geckos
  25 orcs
  3 ball pythons
  6 giant cockroaches
  4 hobgoblins
  6 jackals
  5 quokkas
  15 bats
  5 goblins
  12 kobolds
  A quokka skeleton (D:6)
  5 rats
322 creatures vanquished.

Vanquished Creatures (others)
  A gnoll (D:4)
  An adder (D:4)
  A dart slug (D:4)
  3 orcs (D:4)
  2 fungi
  3 plants
11 creatures vanquished.

Grand Total: 333 creatures vanquished

Notes
Turn   | Place    | Note
-------+----------+-------------------------------------------
     0 | D:1      | removed the Halfling Conjurer began the quest for the Orb.
     0 | D:1      | Reached XP level 1. HP: 11/11 MP: 3/3
   332 | D:1      | Reached XP level 2. HP: 17/17 MP: 1/4
   766 | D:1      | Reached XP level 3. HP: 21/21 MP: 1/5
   857 | D:1      | Learned a level 2 spell: Searing Ray
  1590 | D:2      | Found Gozag's Platinum Reserve.
  1593 | D:2      | Found an opulent altar of Gozag.
  1770 | D:2      | Found a white marble altar of Elyvilon.
  1863 | D:2      | Found a glowing silver altar of Zin.
  1882 | D:2      | Reached XP level 4. HP: 27/27 MP: 1/6
  3164 | D:3      | Reached XP level 5. HP: 31/31 MP: 2/7
  3220 | D:3      | Reached skill level 5 in Conjurations
  3557 | D:3      | Noticed Jessica
  3564 | D:3      | Killed Jessica
  4311 | D:3      | Noticed Sigmund
  4433 | D:4      | Noticed an ogre
  4622 | D:4      | Noticed a phantom
  4640 | D:4      | Killed a phantom
  4640 | D:4      | Reached XP level 6. HP: 23/36 MP: 2/8
  4814 | D:3      | Killed Sigmund
  4814 | D:3      | Reached XP level 7. HP: 17/41 MP: 0/11
  5648 | D:4      | Reached XP level 8. HP: 46/46 MP: 5/12
  5851 | D:4      | Noticed Natasha
  5854 | D:4      | Killed Natasha
  6213 | D:4      | Found a shimmering altar of Xom.
  6275 | D:4      | Found a runed door.
  6275 | D:4      | Noticed jazmu's ghost (amateur FoFi)
  6470 | D:4      | Noticed Natasha
  6473 | D:4      | Killed Natasha
  6481 | D:4      | Noticed Natasha
  6485 | D:4      | Killed Natasha
  6714 | D:5      | Entered Level 5 of the Dungeon
  7036 | D:5      | Reached skill level 5 in Dodging
  7145 | D:5      | Reached skill level 1 in Fighting
  7441 | D:5      | Got a polished hand axe
  7442 | D:5      | Identified the +5 hand axe "Vatzapru" {venom, *Drain +Blink Dex+5 SInv} (You found it on level 5 of the Dungeon)
  8525 | D:6      | Reached XP level 9. HP: 57/57 MP: 13/13
  8964 | D:7      | Noticed Duvessa
  8964 | D:7      | Noticed Dowan
  9013 | D:7      | Killed Duvessa
  9292 | D:7      | Killed Dowan
  9541 | D:7      | Found Cudov's Antique Weapon Boutique.
  9578 | D:7      | Found a staircase to the Ecumenical Temple.
  9660 | Temple   | Entered the Ecumenical Temple
  9823 | Temple   | Became a worshipper of Dithmenos the Shadowed
  9875 | D:7      | Found Xuyn's Armour Emporium.
 10082 | D:7      | Noticed Pikel
 10082 | D:7      | Noticed a hippogriff
 10097 | D:7      | Killed Pikel
 10097 | D:7      | Reached XP level 10. HP: 57/64 MP: 16/16
 10319 | D:7      | Found a sparkling altar of Nemelex Xobeh.
 10429 | D:7      | Learned a level 3 spell: Dazzling Spray
 10466 | D:8      | Found an ornate altar of the Wu Jian Council.
 10484 | D:8      | Reached skill level 5 in Fighting
 11143 | D:7      | Bought a runed short sword for 150 gold pieces
 11144 | D:7      | Bought a runed short sword for 150 gold pieces
 11235 | D:8      | Reached skill level 1 in Short Blades
 11451 | D:8      | Reached skill level 2 in Short Blades
 11489 | D:8      | Found a shattered altar of Ashenzari.
 11781 | D:9      | Reached skill level 3 in Short Blades
 12139 | D:9      | Reached skill level 4 in Short Blades
 12314 | D:9      | Noticed a two-headed ogre
 12355 | D:9      | Killed a two-headed ogre
 12355 | D:9      | Reached skill level 6 in Short Blades
 12457 | D:9      | Reached skill level 7 in Short Blades
 12509 | D:9      | Found a staircase to the Lair.
 12540 | D:9      | Reached * piety under Dithmenos
 12540 | D:9      | Reached XP level 11. HP: 48/72 MP: 17/17
 12670 | D:9      | Reached skill level 8 in Short Blades
 12754 | D:9      | Reached skill level 9 in Short Blades
 13224 | D:10     | Entered Level 10 of the Dungeon
 13287 | D:10     | Found a staircase to the Orcish Mines.
 13307 | D:10     | Noticed a manticore
 13563 | D:10     | Reached skill level 10 in Short Blades
 14499 | D:11     | Reached skill level 5 in Stealth
 14755 | D:11     | Found a stormy altar of Qazlal.
 14756 | D:11     | Noticed a cyclops
 14928 | D:11     | Reached ** piety under Dithmenos
 15554 | D:11     | Reached skill level 1 in Hexes
 15563 | D:11     | Noticed a six-headed hydra
 15614 | D:11     | Killed a six-headed hydra
 15815 | D:11     | Killed a cyclops
 16566 | Lair:1   | Entered Level 1 of the Lair of Beasts
 16605 | Lair:1   | Reached XP level 12. HP: 65/79 MP: 18/18
 16635 | Lair:1   | Reached skill level 5 in Hexes
 17198 | Lair:1   | Reached skill level 5 in Spellcasting
 17628 | Lair:1   | Reached *** piety under Dithmenos
 19098 | Lair:2   | Noticed Fannar
 19117 | Lair:2   | Killed Fannar
 19526 | Lair:3   | Reached XP level 13. HP: 62/83 MP: 20/20
 19701 | Lair:3   | Noticed Rupert
 19724 | Lair:3   | Demolished by Rupert

Skill      XL: |  1  2  3  4  5  6  7  8  9 10 11 12 |
---------------+-------------------------------------+-----
Conjurations   | 4 6 7 8 |  8.0
Spellcasting   | 3 4 5 |  5.0
Dodging        | 5 8 9 |  9.0
Fighting       | 3 4 6 |  6.1
Short Blades   | 7 10 | 10.0
Stealth        | 7 8 |  8.4
Hexes          | 4 8 |  8.0

Action                   |  1- 3 |  4- 6 |  7- 9 | 10-12 | 13-15 || total
-------------------------+-------+-------+-------+-------+-------++-------
Melee: Mace              |    15 |       |       |       |       ||    15
       Flail             |       |    35 |       |       |       ||    35
       Dagger            |       |    11 |    46 |   598 |    14 ||   669
       Hand axe          |       |       |    40 |     6 |       ||    46
       Short sword       |       |       |       |    18 |       ||    18
 Cast: Magic Dart        |    80 |    98 |    81 |    83 |       ||   342
       Searing Ray       |       |     5 |    36 |    65 |       ||   106
       Dazzling Spray    |       |       |       |    52 |     1 ||    53
Evoke: Wand              |       |       |     2 |    16 |     3 ||    21
  Use: Potion            |       |     2 |       |     3 |     2 ||     7
       Scroll            |       |     1 |     8 |    14 |     3 ||    26
 Stab: Sleeping          |       |       |     2 |     6 |     2 ||    10
       Paralysed         |       |       |       |     3 |       ||     3
       Invisible         |       |       |       |    24 |       ||    24
       Distracted        |       |       |       |     1 |       ||     1
       Confused          |       |       |       |     2 |       ||     2
  Eat: Chunk             |     5 |     9 |    15 |    21 |     1 ||    51
       Ration            |       |     1 |     1 |     4 |       ||     6
Armor: Robe              |     4 |     7 |     8 |    94 |     1 ||   114
       Ring mail         |       |       |    25 |       |       ||    25
       Skin              |       |       |       |    46 |       ||    46
Dodge: Dodged            |    31 |    76 |    96 |   759 |    20 ||   982
